 Dungeon Crawl Stone Soup version 0.26.1-2-gb8aa6d0cf2 (webtiles) character file.

Game seed: 1984794184610885528

160 Marvel the Magician (level 5, -5/28 HPs)
             Began as a Deep Elf Fire Elementalist on Feb 13, 2021.
             Killed from afar by an orc wizard (8 damage)
             ... with a magic dart
             ... on level 4 of the Dungeon.
             The game lasted 00:03:21 (2752 turns).

Marvel the Magician (Deep Elf Fire Elementalist)    Turns: 2752, Time: 00:03:21

Health: -5/28      AC:  3    Str:  5    XL:     5   Next: 17%
Magic:  12/14      EV: 17    Int: 27    God:
Gold:   167        SH:  0    Dex: 15    Spells: 12/13 levels left

rFire    . . .     SeeInvis .   (no weapon)
rCold    . . .     Faith    .   (no shield)
rNeg     . . .     Spirit   .   a - +0 robe
rPois    .         Reflect  .   (no helmet)
rElec    .         Harm     .   i - +0 cloak
rCorr    .         Rampage  .   (no gloves)
Will     .....                  (no boots)
Stlth    ++........             (no amulet)
HPRegen  0.09/turn              l - +6 ring of intelligence
MPRegen  0.14/turn              o - +4 ring of evasion (curse)

@: no status effects
A: no striking features
a: no special abilities


You were on level 4 of the Dungeon.
You visited 1 branch of the dungeon, and saw 4 of its levels.

You collected 167 gold pieces.

Inventory:

Armour
 a - a +0 robe (worn)
 i - a +0 cloak (worn)
Jewellery
 l - a +6 ring of intelligence (left hand)
 o - a cursed +4 ring of evasion (right hand)
Scrolls
 b - 5 scrolls of teleportation {unknown}
 e - 5 scrolls of identify {unknown}
 f - 2 scrolls of fear {unknown}
 g - a scroll of enchant armour {unknown}
 h - a scroll of enchant weapon {unknown}
 j - 4 scrolls of amnesia {unknown}
 k - a scroll of immolation {unknown}
 n - 2 scrolls of fog {unknown}
 r - a scroll of random uselessness {unknown}
 s - a scroll of remove curse {unknown}
Potions
 c - 4 potions of curing {unknown}
 d - a potion of brilliance {unknown}
 p - 2 potions of ambrosia


   Skills:
 + Level 3.2 Dodging
 + Level 3.0 Stealth
 + Level 0.3 Unarmed Combat
 + Level 4.8 Spellcasting
 + Level 2.4 Conjurations
 + Level 4.3 Fire Magic


You had 12 spell levels left.
You knew the following spells:

 Your Spells              Type           Power        Failure   Level
a - Foxfire               Conj/Fire      96%          1%          1

Your spell library contained the following spells:

 Spells                   Type           Power        Failure   Level
 Conjure Flame            Conj/Fire      24%          5%          3
 Inner Flame              Hex/Fire       18%          9%          3
 Sticky Flame             Conj/Fire      24%          19%         4
 Confusing Touch          Hex            6%           22%         3
 Gell's Gravitas          Tloc           3%           22%         3
 Fireball                 Conj/Fire      12%          45%         5
 Petrify                  Tmut/Erth      6%           58%         4
 Metabolic Englaciation   Hex/Ice        3%           90%         5
 Yara's Violent Unravell  Hex/Tmut       3%           90%         5


Dungeon Overview and Level Annotations

Branches:
Dungeon (4/15)
 Temple: D:4-7

Altars:

Annotations:
D:3 2 transporters, DasRunzen's ghost, amateur DgGl


Message History

The orc wizard shouts!
You hear a shout!
You hear an angry hiss.
The orc wizard mumbles some strange words.
The orc wizard blinks!
The orc wizard gestures at you while chanting.
The magic dart hits you!
An orc wizard comes into view. It is wielding a +0 dagger.
Casting: Foxfire (safe; 1% risk of failure)
Confirm with . or Enter, or press ? or * to list all spells.
You conjure some foxfire!
The orc wizard casts a spell at you. The magic dart hits you!
* * * LOW HITPOINT WARNING * * *
The foxfire hits the orc wizard but does no damage. x2
The foxfire hits the orc wizard.
The orc wizard is lightly wounded.
The foxfire hits the orc wizard.
The orc wizard is moderately wounded.
The orc wizard casts a spell at you. The magic dart hits you!
You die...

.......## ..ooo...##
#..../..# #.......#
#......§# #.....##
##......##########
#................#
#......@########.#
#.......######
##...).......##
##...######.†# #####
##.# #.#######
########.....[..
###...............
######<..#########.....


You could see 3 orc wizards.

Vanquished Creatures
  A hound (D:3)
  Terence (D:3)
  A worker ant (D:4)
  3 adders
  A dart slug (D:1)
  4 leopard geckos
  3 orcs
  3 giant cockroaches
  7 goblins
  4 hobgoblins
  2 jackals (D:3)
  9 bats
  4 kobolds
  4 rats
47 creatures vanquished.

Vanquished Creatures (others)
  143 foxfires
  6 plants (D:3)
149 creatures vanquished.

Grand Total: 196 creatures vanquished

Notes
Turn   | Place    | Note
-------+----------+-------------------------------------------
     0 | D:1      | Marvel the Deep Elf Fire Elementalist began the quest for
                  | the Orb.
     0 | D:1      | Reached XP level 1. HP: 10/10 MP: 6/6
   120 | D:1      | Reached XP level 2. HP: 15/15 MP: 2/8
  1020 | D:2      | Reached XP level 3. HP: 9/19 MP: 4/10
  1802 | D:3      | Reached XP level 4. HP: 23/24 MP: 7/12
  1979 | D:3      | Noticed DasRunzen's ghost (amateur DgGl)
  2036 | D:3      | Found a transporter.
  2050 | D:3      | Found a transporter.
  2328 | D:3      | Noticed Terence
  2344 | D:3      | Killed Terence
  2597 | D:4      | HP: 1/24 [poisoned by a worker ant]
  2599 | D:4      | Reached XP level 5. HP: 5/28 MP: 14/14
  2752 | D:4      | Killed from afar by an orc wizard

Illustrated notes

Levels and vault maps discovered:
D:1:      wander_arrival_abandoned_jail, layout_loops_cross
D:2:      layout_rooms
D:3:      minmay_chambers_of_twos, layout_loops_cross,
          gammafunk_ghost_gnarly_gnolls, uniq_terence
D:4:      layout_rooms, st_stairs_5, uniq_menkaure, uniq_robin

Skill      XL: |  1  2  3  4 |
---------------+-------------+-----
Spellcasting   | 4 |  4.8
Dodging        | 3 |  3.2
Fire Magic     | 4 |  4.3
Stealth        | 3 |  3.0
Conjurations   | 2 |  2.4
Unarmed Combat | |  0.3

Action                   |  1- 3 |  4- 6 || total
-------------------------+-------+-------++-------
Melee: Unarmed           |     7 |    17 ||    24
 Cast: Foxfire           |    60 |    29 ||    89
  Use: Potion            |       |     4 ||     4
Armor: Robe              |     7 |     7 ||    14
Dodge: Dodged            |    17 |    33 ||    50
